 Dungeon Crawl Stone Soup version 0.22-a0-803-gd6d8abe (webtiles) character file.

3783 DrakeDragon the Destroyer (level 9, 0/78 HPs)
             Began as a Yellow Draconian Wizard on July 21, 2018.
             Was an Elder of Ru.
             Slain by a vampire mosquito (3 damage)
             ... on level 10 of the Dungeon on July 22, 2018.
             The game lasted 01:28:08 (16011 turns).

DrakeDragon the Destroyer (DrWz)                   Turns: 16011, Time: 01:28:09

Health: 0/78       AC: 10    Str:  7    XL:     9   Next: 95%
Magic:  7/18       EV: 12    Int: 25    God:    Ru [****..]
Gold:   531        SH:  0    Dex:  9    Spells: 10/21 levels left

rFire    + . .     SeeInvis +   b - +1 falchion of Qaghai {slice, +Fly Str-3 Int+3 SInv}
rCold    x . .     Gourm    .   (shield unavailable)
rNeg     . . .     Faith    .   (armour unavailable)
rPois    .         Spirit   .   C - +0 hat
rElec    .         Reflect  .   (no cloak)
rCorr    +         Harm     .   (no gloves)
MR       .....                  i - +2 pair of boots {run}
Stlth    ..........             (no amulet)
HPRegen  0.23/turn              (ring unavailable)
MPRegen  0.16/turn              B - ring of fire

@: very slightly contaminated, invisible, very slow
A: spit acid, acid resistance, unfitting armour, cold-blooded, inability to read
while threatened, missing a hand, no stealth, AC +7
a: Breathe Acid, Draw Out Power, Power Leap, Renounce Religion, Evoke Flight


You were on level 10 of the Dungeon.
You worshipped Ru.
Ru was greatly pleased with you.
You were not hungry.

You visited 1 branch of the dungeon, and saw 11 of its levels.
You also visited: Ossuary.

You collected 531 gold pieces.

Inventory:

Hand Weapons
 b - the +1 falchion of Qaghai (weapon) {slice, +Fly Str-3 Int+3 SInv}
   (You found it on level 7 of the Dungeon)

   It inflicts extra damage upon your enemies.
   It affects your strength (-3).
   It affects your intelligence (+3).
   It lets you see invisible.
   It lets you fly.
Missiles
 E - 4 throwing nets (quivered) {!f}
Armour
 i - a +2 pair of boots of running (worn)
   (You found it on level 2 of the Dungeon)
 C - a +0 hat (worn)
Magical Staves
 a - an uncursed staff of energy {!a}
   (You found it on level 7 of the Dungeon)
Jewellery
 B - a ring of fire (right hand)
   (You found it on level 7 of the Dungeon)
Wands
 t - a wand of flame (22)
   (You found it on level 5 of the Dungeon)
Scrolls
 c - 3 scrolls of teleportation {@r4}
 j - 5 scrolls of immolation {unknown}
 k - a scroll of fear
 o - 2 scrolls of amnesia {unknown}
 p - a scroll of fog {unknown}
 q - 2 scrolls of enchant armour
 v - a scroll of vulnerability {unknown}
 w - 2 scrolls of remove curse {@r2}
 x - a scroll of magic mapping
 y - a scroll of holy word {unknown}
 z - a scroll of blinking {unknown}
Potions
 d - 3 potions of might
 f - a potion of cancellation
 g - a potion of berserk rage {unknown}
 l - 7 potions of curing {@q1}
 n - a potion of magic {unknown}
 r - a potion of agility
 s - 3 potions of lignification {!q}
 u - 2 potions of mutation {!q}
 A - a potion of flight {unknown}
 D - 4 potions of haste {@q3}
Miscellaneous
 F - a lightning rod (4/4) {!a}
   (You found it on level 9 of the Dungeon)
Comestibles
 e - 14 rations {!d}


   Skills:
 + Level 6.9 Fighting
 - Level 1.7 Dodging
 + Level 6.5 Spellcasting
 * Level 9.2 Conjurations
 + Level 6.3 Summonings
 - Level 1.0 Translocations


You had 10 spell levels left.
You knew the following spells:

 Your Spells              Type           Power        Failure   Level  Hunger
a - Magic Dart            Conj           ####         1%          1    None
b - Blink                 Tloc           N/A          7%          2    None
d - Conjure Flame         Conj/Fire      #####...     3%          3    None
f - Mephitic Cloud        Conj/Pois/Air  ###.....     6%          3    None
x - Call Imp              Summ           #####...     1%          2    None

Your spell library contained the following spells:

 Spells                   Type           Power        Failure   Level  Hunger
 Slow                     Hex            #.......     11%         2    None


Dungeon Overview and Level Annotations

Branches:
Dungeon (11/15)            Temple (0/1) D:7            Lair (0/6) D:10
    Orc: D:9-12

Altars:
Elyvilon
Fedhas
Okawaru
Qazlal
Ru
Uskayaw
Xom
The Shining One
Jiyva

Annotations:
D:3 Ijyb, Sigmund
D:5 3 runed doors, Pikaro's ghost, novice KoCK
D:7 Joseph
D:10 Erolcha


Innate Abilities, Weirdness & Mutations

You can spit globs of acid.
You are resistant to acid.
Your golden yellow scales are hard. (AC +7)
You cannot fit into any form of body armour.
You are cold-blooded and may be slowed by cold attacks.
You cannot read scrolls while threatened.
You are missing a hand.
You cannot be stealthy.


Message History

You fade into invisibility!
The vampire mosquito misses you.
You riposte.
You hit the vampire mosquito.
The vampire mosquito closely misses you. x2
The vampire mosquito barely misses you.
You riposte.
You miss the vampire mosquito.
The crimson imp hits you but does no damage.
The orc hits you but does no damage.
The vampire mosquito closely misses you.
You riposte.
You hit the vampire mosquito. The hound bites you but does no damage.
The vampire mosquito barely misses you. The vampire mosquito bites you.
* * * LOW HITPOINT WARNING * * *
The vampire mosquito draws strength from your injuries!
The wolf misses you.
You riposte.
You closely miss the wolf.
You enter the shallow water.
Moving in this stuff is going to be slow. ...and don't expect to remain undetected.
The vampire mosquito closely misses you.
You riposte.
Your unstable footing causes you to fumble your attack.
The wolf barely misses you.
The vampire mosquito bites you but does no damage.
The hound barely misses you. The vampire mosquito bites you!
* * * LOW HITPOINT WARNING * * *
The vampire mosquito draws strength from your injuries!
The wolf bites you.
* * * LOW HITPOINT WARNING * * *
The vampire mosquito bites you!
* * * LOW HITPOINT WARNING * * *
The vampire mosquito draws strength from your injuries!
The hound barks!
The vampire mosquito bites you.
* * * LOW HITPOINT WARNING * * *
The vampire mosquito draws strength from your injuries!
The hound bites you but does no damage. The wolf barely misses you.
The vampire mosquito barely misses you.
You riposte.
You miss the vampire mosquito. The wolf closely misses you.
You blink.
You blink.
Splash!
You fall into the shallow water.
Moving in this stuff is going to be slow. ...and don't expect to remain undetected.
You can read scrolls again.
The crimson imp begins to attack, but is stunned by your will!
The vampire mosquito closely misses you.
You redirect the crimson imp's attack!
The vampire mosquito bites you.
You die...

#.#####..### #######.%##
#......≈≈≈≈≈≈≈..........#
#.......≈≈≈≈≈≈≈..≈...T..#
#...≈...≈≈≈≈≈≈≈≈≈..≈≈≈..s
#...≈≈≈≈.≈≈≈≈≈≈≈≈h≈≈≈....
#....≈≈≈≈≈≈≈≈≈≈≈≈h≈≈≈....
#....≈≈≈≈.≈≈.≈.≈≈≈≈≈≈≈...
##.≈o.5≈≈≈......≈≈≈≈≈≈...
#...yoy@h.>.....h.......
#..oohh≈≈....≈.≈≈≈≈≈....
#.§oysT≈..≈...≈ ....$.
#.....≈≈≈≈.≈≈≈≈ ≈≈≈...
#....≈≈≈≈≈≈≈≈≈≈
#....≈..≈≈≈≈≈≈.
#..≈≈≈..≈......
#..........≈...
######..######


You could see a troll, 3 vampire mosquitoes, a wolf, a scorpion, 2 hounds, a
crimson imp and 5 orcs.

Vanquished Creatures
  A slime creature (D:10)
  An orc warrior (D:6)
  A sky beast (D:5)
  A phantom (D:4)
  2 necrophages
  3 ogres
  2 centaurs
  A wyvern zombie (D:9)
  A bullfrog (D:6)
  A water moccasin zombie (Ossuary)
  A scorpion (D:10)
  4 killer bees
  4 wights (D:7)
  An electric eel (D:9)
  2 crimson imps
  A howler monkey (D:8)
  A centaur zombie (D:5)
  4 hounds
  4 jellies
  A bullfrog skeleton (D:9)
  3 orc priests
  2 iguanas
  7 orc wizards
  2 worker ants
  A big kobold zombie (Ossuary)
  A hound zombie (D:8)
  A hound skeleton (D:5)
  2 mummies (Ossuary)
  2 worker ant zombies
  5 adders
  6 gnolls
  A shadow imp (D:6)
  An ooze (D:5)
  3 adder skeletons
  3 adder zombies (Ossuary)
  2 worms
  A dart slug (D:1)
  2 leopard geckos
  21 orcs
  2 giant cockroaches
  2 gnoll zombies (Ossuary)
  2 hobgoblins
  9 jackals
  4 kobolds
  3 quokkas
  7 bats
  2 frilled lizards (D:1)
  4 goblins
  2 hobgoblin zombies (Ossuary)
  A jackal skeleton (D:5)
  2 kobold zombies (Ossuary)
  3 orc zombies (Ossuary)
  A quokka zombie (D:6)
  6 rats
153 creatures vanquished.

Vanquished Creatures (collateral kills)
  Psyche (D:10)
  A wyvern (D:8)
  A hungry ghost (D:8)
  An ice beast (D:10)
  A phantom (D:8)
  A sky beast (D:10)
  An ogre (D:5)
  4 water moccasin zombies (Ossuary)
  A bullfrog (D:6)
  A killer bee (D:8)
  A wight (D:7)
  A crimson imp (D:6)
  A centaur zombie (D:9)
  An orc priest (D:3)
  A gnoll shaman (D:6)
  4 orc wizards
  Terence (D:4)
  4 worker ants
  2 big kobold zombies (Ossuary)
  A gnoll (D:6)
  10 adders
  An ooze (D:2)
  3 adder zombies (Ossuary)
  3 worms
  2 dart slugs (D:2)
  3 leopard geckos
  8 orcs
  2 ball pythons
  A giant cockroach (D:2)
  A gnoll zombie (Ossuary)
  A goblin (D:2)
  5 hobgoblins
  2 jackals
  A kobold (D:2)
  A quokka (D:4)
  A bat (D:2)
  A frilled lizard (D:3)
  4 hobgoblin zombies (Ossuary)
  A kobold zombie (Ossuary)
  An orc zombie (Ossuary)
  A quokka skeleton (D:7)
83 creatures vanquished.

Vanquished Creatures (others)
  An orc wizard (D:4)
  A worker ant (D:11)
  A fungus (D:5)
  2 plants (D:5)
5 creatures vanquished.

Grand Total: 241 creatures vanquished

Notes
Turn   | Place    | Note
-------+----------+-------------------------------------------
     0 | D:1      | DrakeDragon the Draconian Wizard began the quest for the Orb.
     0 | D:1      | Reached XP level 1. HP: 14/14 MP: 4/4
   462 | D:1      | Reached XP level 2. HP: 22/22 MP: 3/6
   491 | D:1      | Learned a level 2 spell: Call Imp
   815 | D:1      | Reached skill level 1 in Fighting
   976 | D:1      | Reached skill level 2 in Conjurations
  1154 | D:2      | Reached XP level 3. HP: 28/28 MP: 1/7
  1471 | D:2      | Identified a +0 pair of boots of running (You found it on level 2 of the Dungeon)
  2134 | D:2      | Reached XP level 4. HP: 35/35 MP: 0/9
  2869 | D:3      | Reached skill level 3 in Conjurations
  3017 | D:3      | Noticed Sigmund
  3246 | D:3      | Noticed Ijyb
  3253 | D:3      | Noticed Terence
  3568 | D:4      | Killed Terence
  3568 | D:4      | Reached XP level 5. HP: 39/41 MP: 0/10
  4008 | D:4      | Found a sand-covered staircase.
  4013 | Ossuary  | Entered an ossuary
  4376 | Ossuary  | Reached XP level 6. HP: 46/50 MP: 0/11
  4380 | Ossuary  | Reached skill level 4 in Conjurations
  5462 | D:4      | Your scales start taking on a golden yellow colour.
  5462 | D:4      | Reached XP level 7. HP: 45/57 MP: 1/13
  5648 | D:4      | Got a fine buckler
  5655 | D:4      | Identified the cursed -2 buckler "Xumm" {rC+ Dex+2} (You took it off an orc wizard on level 4 of the Dungeon)
  5767 | D:4      | Reached skill level 5 in Conjurations
  5863 | D:4      | Learned a level 2 spell: Blink
  5867 | D:4      | Learned a level 3 spell: Conjure Flame
  5871 | D:4      | Learned a level 3 spell: Mephitic Cloud
  6337 | D:4      | Found a hide-covered altar of Uskayaw.
  6487 | D:4      | Found a sacrificial altar of Ru.
  6487 | D:4      | Found a stormy altar of Qazlal.
  6488 | D:4      | Found a shimmering altar of Xom.
  6498 | D:4      | Found an iron altar of Okawaru.
  6658 | D:4      | Became a worshipper of Ru the Awakened
  6679 | D:5      | Entered Level 5 of the Dungeon
  6894 | D:5      | Found a white marble altar of Elyvilon.
  7466 | D:5      | Found a runed gate.
  7467 | D:5      | Noticed Pikaro's ghost (novice KoCK)
  7468 | D:5      | Found a runed gate.
  7468 | D:5      | Found a runed gate.
  7487 | D:5      | Reached skill level 6 in Conjurations
  7487 | D:5      | Reached XP level 8. HP: 38/67 MP: 1/15
  7776 | D:5      | Found a blossoming altar of Fedhas.
  8388 | D:6      | Gained mutation: You cannot be stealthy. [Ru sacrifice]
  8569 | D:6      | Reached skill level 5 in Spellcasting
  9135 | D:6      | Reached skill level 5 in Fighting
  9418 | D:6      | Reached skill level 7 in Conjurations
  9865 | D:7      | Upgraded the game from 0.22-a0-799-g88f5e90 to 0.22-a0-803-gd6d8abe
 10375 | D:7      | Noticed Joseph
 10656 | D:7      | Found a staircase to the Ecumenical Temple.
 10661 | D:7      | Got a sapphire falchion
 10662 | D:7      | Identified the cursed +1 falchion of Qaghai {slice, +Fly Str-3 Int+3 SInv} (You found it on level 7 of the Dungeon)
 10693 | D:7      | Noticed a two-headed ogre
 11023 | D:7      | Reached skill level 5 in Summonings
 11595 | D:8      | Reached XP level 9. HP: 46/74 MP: 6/17
 12044 | D:8      | Gained mutation: You are missing a hand. [Ru sacrifice]
 12044 | D:8      | Reached * piety under Ru
 12044 | D:8      | Reached ** piety under Ru
 12044 | D:8      | Reached *** piety under Ru
 12231 | D:8      | Reached skill level 8 in Conjurations
 12416 | D:8      | Found a glowing golden altar of the Shining One.
 12496 | D:8      | HP: 1/75 [wyvern (12)]
 14531 | D:9      | Found a sacrificial altar of Ru.
 15003 | D:10     | Entered Level 10 of the Dungeon
 15488 | D:10     | Reached skill level 9 in Conjurations
 15644 | D:10     | Found a viscous altar of Jiyva.
 15646 | D:10     | Noticed Psyche
 15659 | D:10     | Killed Psyche
 15876 | D:10     | Noticed a troll
 15880 | D:10     | Noticed a gargoyle
 15891 | D:11     | Gained mutation: You cannot read scrolls while threatened. [Ru sacrifice]
 15891 | D:11     | Reached **** piety under Ru
 15903 | D:11     | Noticed a cyclops
 15985 | D:10     | Noticed Erolcha
 15994 | D:10     | Found a staircase to the Lair.
 16007 | D:10     | HP: 2/78 [vampire mosquito (3)]
 16011 | D:10     | Slain by a vampire mosquito

Vault maps used:
D:1:      enne_arrival_octagon_isle
D:2:      minmay_three_crescents
D:3:      cheibrodos_pilgrimage, uniq_terence, uniq_ijyb, uniq_sigmund
D:4:      nicolae_overflow_hidden_temple, nicolae_overflow_quartered_altars,
          enter_ossuary_2, first_ration
D:5:      lemuel_round_altar, marbit_many_paths, gammafunk_ghost_nasty_kobolds,
          eino_small_chamber_without_monster
D:6:      st_stairs_8
D:7:      kennysheep_vampire_church, minmay_temple_entry_glass, uniq_joseph,
          uniq_pikel
D:8:      nicolae_tso_swordbearing_angel
D:9:      grunt_ogre_cave, minmay_crystal_water, nicolae_ru_path_of_blood
D:10:     erik_lair_island, ebering_ghost_reflecting_pool, jiyva_altar_1,
          uniq_psyche, uniq_erolcha
D:11:     serial_column_ruins, column_ruins_hut, column_ruins_circle_small,
          column_ruins_open_small, column_ruins_open_small, column_ruins_grid_1,
          column_ruins_columns_straight, column_ruins_grid_1,
          column_ruins_columns_straight
Ossuary:  ossuary_tomb_2

Skill      XL: |  1  2  3  4  5  6  7  8  9 |
---------------+----------------------------+-----
Fighting       | 1 2 3 4 5 6 |  6.9
Conjurations   | 2 3 4 6 7 9 |  9.2
Summonings     | 2 3 4 5 6 |  6.3
Spellcasting   | 4 5 6 |  6.5
Stealth        | 0 |  0.0
Dodging        | |  1.7
Translocations | |  1.0

Action                   |  1- 3 |  4- 6 |  7- 9 || total
-------------------------+-------+-------+-------++-------
Melee: Unarmed           |    18 |   165 |    16 ||   199
       Tailslap          |     1 |    15 |     5 ||    21
       Falchion          |       |       |    51 ||    51
       Dagger            |       |       |     5 ||     5
 Cast: Magic Dart        |    61 |    66 |   472 ||   599
       Call Imp          |    32 |    90 |   135 ||   257
       Conjure Flame     |       |       |    23 ||    23
       Blink             |       |       |    16 ||    16
Invok: Sacrifice Stealth |       |       |     1 ||     1
       Sacrifice Words   |       |       |     1 ||     1
       Sacrifice a Hand  |       |       |     1 ||     1
 Abil: Breathe Acid      |       |       |     3 ||     3
Evoke: Staff of energy   |       |       |     2 ||     2
  Use: Scroll            |     7 |     4 |    14 ||    25
       Potion            |       |       |     5 ||     5
 Stab: Distracted        |       |     2 |     1 ||     3
  Eat: Chunk             |     5 |     7 |     8 ||    20
       Ration            |       |     2 |     7 ||     9
Armor: Skin              |    11 |    77 |   127 ||   215
Dodge: Dodged            |    19 |   126 |   204 ||   349
       Rpst.: Falchion   |       |       |    59 ||    59

Table legend:
 A = Spawn XP
 B = Non-spawn XP
 C = Spawn XP percentage of total XP
 D = Spawn monster count
 E = Non-spawn monster count
 F = Spawn count percentage of total count
 G = Total turns spent on level
                    A         B        C        D         E        F      G
               +---------+---------+-------+---------+---------+-------+---------
         Total |       0 |    5405 |   0.0 |       0 |     238 |   0.0 | 16011
               +---------+---------+-------+---------+---------+-------+---------
           D:1 |       0 |      33 |   0.0 |       0 |      21 |   0.0 |  1124
           D:2 |       0 |     109 |   0.0 |       0 |      26 |   0.0 |  2062
           D:3 |       0 |      52 |   0.0 |       0 |      12 |   0.0 |   374
           D:4 |       0 |     544 |   0.0 |       0 |      36 |   0.0 |  1689
           D:5 |       0 |     481 |   0.0 |       0 |      17 |   0.0 |  1824
           D:6 |       0 |     752 |   0.0 |       0 |      33 |   0.0 |  1894
           D:7 |       0 |     361 |   0.0 |       0 |      16 |   0.0 |  1166
           D:8 |       0 |    1106 |   0.0 |       0 |      19 |   0.0 |  2319
           D:9 |       0 |     503 |   0.0 |       0 |       9 |   0.0 |  1121
          D:10 |       0 |    1062 |   0.0 |       0 |      15 |   0.0 |   964
          D:11 |       0 |      11 |   0.0 |       0 |       2 |   0.0 |    44
       Ossuary |       0 |     391 |   0.0 |       0 |      32 |   0.0 |  1430
               +---------+---------+-------+---------+---------+-------+---------
